 Dungeon Crawl Stone Soup version 0.32-a0-818-gb728d0252e (webtiles) character file.

Game seed: 2189428699668641935

40 Lanoc the Cudgeller (level 3, -2/31 HPs)
             Began as a Mountain Dwarf Chaos Knight on Mar 24, 2024.
             Was a Plaything of Xom.
             Slain by a jackal (3 damage)
             ... on level 2 of the Dungeon.
             The game lasted 00:01:19 (838 turns).

Lanoc the Cudgeller (Mountain Dwarf Chaos Knight)    Turns: 838, Time: 00:01:20

Health: -2/31      AC:  5    Str: 16    XL:     3   Next: 30%
Magic:  3/3        EV: 10    Int: 12    God:    Xom [...*..]
Gold:   79         SH:  0    Dex:  9    Spells: 2/2 levels left

rFire   . . .        a - +0 mace (chaos)
rCold   . . .        (no shield)
rNeg    . . .        b - +2 leather armour
rPois   .            (no helmet)
rElec   .            (no cloak)
rCorr   .            (no gloves)
SInv    .            (no boots)
Will    .....        (no amulet)
Stlth   +            (no ring)
HPRegen 0.25/turn    (no ring)
MPRegen 0.08/turn

%: no passive effects
@: lethally poisoned (-2 -> -4), attractive
A: runic magic, artefact enchanting
a: Renounce Religion


You were on level 2 of the Dungeon.
You worshipped Xom.
You were a favourite toy of Xom.
You visited 1 branch of the dungeon, and saw 2 of its levels.

You collected 79 gold pieces.

Inventory:

Hand Weapons
 a - a +0 mace of chaos (weapon)
Armour
 b - a +2 leather armour (worn)
Scrolls
 c - a scroll of butterflies
 d - 4 scrolls of teleportation {unknown}
 f - 2 scrolls of identify {unknown}
 h - a scroll of vulnerability {unknown}
Potions
 e - a potion of attraction
 g - a potion of curing {unknown}


   Skills:
 + Level 3.6 Fighting
 * Level 4.4 Maces & Flails
 + Level 2.6 Armour
 + Level 1.2 Dodging


You had 2 spell levels left.
You didn't know any spells.
Your spell library contained the following spells:

 Spells                   Type           Power      Damage    Failure   Level
 Hailstorm                Conj/Ice       0%         3d5       71%         3
 Summon Ice Beast         Ice/Summ       0%         N/A       71%         3
 Permafrost Eruption      Ice/Erth       0%         2x4d2     100%        6
 Sculpt Simulacrum        Ice/Alch       0%         N/A       100%        6


Dungeon Overview and Level Annotations

Branches:
Dungeon (2/15)

Altars:


Innate Abilities, Weirdness & Mutations

Your spellcasting is much less encumbered by armour.
You can use scrolls of enchantment on lesser artefacts.


Message History

The jackal misses you. The rat bites you. The jackal bites you.
You hit the jackal.
You kill the jackal!
The rat bites you. The rat bites you but does no damage.
You barely miss the rat. The adder bites you but does no damage.
The adder barely misses you. The rat bites you.
A kobold comes into view. It is wielding a +2 vampiric dagger.
You hit the rat.
You kill the rat!
The adder bites you but does no damage.
You barely miss the kobold. The adder misses you. The kobold barely misses you.
A goblin comes into view. It is wielding a +0 club.
The adder bites you but does no damage.
The goblin shouts!
You hit the kobold.
The kobold seems to grow stronger.
The kobold is severely wounded.
You hear a loud squeak.
You hear a shout!
The adder bites you but does no damage.
The kobold hits you with a +2 vampiric dagger.
The adder barely misses you.
You closely miss the kobold.
The kobold is severely wounded.
The kobold barely misses you. The adder bites you.
You are poisoned.
The adder poisons you!
You hit the kobold but do no damage.
The kobold is severely wounded.
You feel sick.
Xom's power touches on a nearby monster.
The ball python reforms as a club.
The adder reforms as a javelin.
The kobold hits you with a +2 vampiric dagger!
* * * LOW HITPOINT WARNING * * *
The kobold hits you with a +2 vampiric dagger!
* * * LOW HITPOINT WARNING * * *
The kobold draws strength from your wounds!
It was a potion of attraction.
You feel attractive to monsters.
* * * LOW HITPOINT WARNING * * *
You feel sick. The jackal barely misses you. The jackal bites you.
You die...

#.......##................##....
############..#########...##....
#######........# #...........
...............# #...........
...............## #...........
..............).## ###...######
...........w..#hw# #...#
.........S....##h# #...#
.........#######@# ##...
..............gK.†# #...
#####..........##..#
..........## #..# ...........##
#..# ...........## ..#
...........# .. ............ .#.
.......####.#


You could see a ribbon worm, 2 jackals, a goblin and a kobold (strong).

Vanquished Creatures
  An adder (D:2)
  4 endoplasms (D:1)
  A giant cockroach (D:1)
  5 goblins
  2 hobgoblins (D:1)
  2 jackals (D:2)
  2 quokkas
  4 bats
  2 frilled lizards (D:1)
  2 kobolds (D:1)
  3 rats
28 creatures vanquished.

Notes
Turn   | Place    | Note
-------+----------+-------------------------------------------
     0 | D:1      | Lanoc the Mountain Dwarf Chaos Knight began the quest for
                  | the Orb.
     0 | D:1      | Reached XP level 1. HP: 19/19 MP: 1/1
   106 | D:1      | XOM: noise
   153 | D:1      | Reached XP level 2. HP: 18/26 MP: 2/2
   168 | D:1      | Reached skill level 4 in Maces & Flails
   242 | D:1      | XOM: cloud trail
   282 | D:1      | Reached skill level 1 in Dodging
   387 | D:1      | XOM: divination: detect creatures
   633 | D:2      | XOM: smoke on damage
   641 | D:2      | Reached XP level 3. HP: 19/31 MP: 3/3
   837 | D:2      | XOM: snakes to sticks
   837 | D:2      | HP: 1/31 [kobold/+2 vampiric dagger (8)]
   838 | D:2      | Slain by a jackal

Illustrated notes

Levels and vault maps discovered:
D:1:      minmay_arrival_solitary_statue, layout_basic
D:2:      minmay_wonky_spiral, layout_basic, minmay_heptomino_w4

Skill      XL: |  1  2 |
---------------+-------+-----
Maces & Flails | 4 |  4.4
Dodging        | 1 |  1.2
Fighting       | |  3.6
Armour         | |  2.6

Action                     || total
---------------------------++-------
  Melee: Mace              ||    90
    Use: Potion            ||     1
   Stab: Confused          ||     1
 Armour: Leather armour    ||    80
  Dodge: Dodged            ||    85

Table legend: (Time is in decaauts)
 A = Elapsed time spent in this place.
 B = Non-inter-level travel time spent in this place.
 C = Inter-level travel time spent in this place.
 D = Time resting spent in this place.
 E = Time spent auto-exploring this place.
 F = Levels seen in this place.
 G = Mean time per level.
                   A        B        C        D        E       F      G
               +--------+--------+--------+--------+--------+-----+--------+
         Total |    855 |    826 |     29 |      0 |    619 |   2 |  427.5 |
       Dungeon |    855 |    826 |     29 |      0 |    619 |   2 |  427.5 |
               +--------+--------+--------+--------+--------+-----+--------+

Top non-repeatable levels by time:
     D:1: 431 daAuts
     D:2: 423 daAuts
